Map: [ESL] Alcyone

Players

Astrea - Winner!

  • Race: Protoss Protoss
  • Spawn Location: 7:00

GuMiho

  • Race: Terran Terran
  • Spawn Location: 1:00

Event: ESL SC2 Masters 2023 Winter (Finals)

VOD

Have the link to the VOD?

Description

Time

  • Played on: Dec. 15, 2023, 1:21 p.m.
  • Length: 12:14

All games in this series

Show
View Real Time Build Order
Export as new Build Order

Astrea Protoss - Winner!

Build Orders: 1 Gate Expand, Phoenix Opening 

Get SALT Encoding   

  12  0:00  Probe  
  13  0:12  Probe  
  14  0:17  Pylon  
  14  0:24  Probe (Chrono Boost)  
  16  0:36  Gateway, Probe (Chrono Boost)  
  16  0:43  Probe (Chrono Boost)  
  16  0:45  Assimilator  
  17  0:51  Probe  
  18  1:03  Probe  
  19  1:15  Probe  
  20  1:22  Nexus  
  20  1:30  Cybernetics Core  
  20  1:34  Probe  
  20  1:38  Assimilator  
  21  1:46  Probe  
  22  1:49  Pylon  
  22  1:58  Probe (Chrono Boost)  
  23  2:06  Sentry (Chrono Boost), Warp Gate  
  25  2:10  Probe (Chrono Boost)  
  25  2:11  Shield Battery  
  26  2:15  Probe (Chrono Boost)  
  26  2:20  Stalker (Chrono Boost)  
  29  2:25  Probe  
  30  2:34  Probe  
  30  2:36  Phoenix  
  31  2:37  Probe  
  31  2:38  Gateway  
  32  2:46  Probe  
  32  2:49  Probe  
  32  2:58  Probe  
  32  3:01  Probe  
  33  3:10  Probe  
  34  3:13  Stalker  
  34  3:14  Probe (Chrono Boost)  
  37  3:20  Robotics Facility  
  37  3:23  Probe (Chrono Boost)  
  37  3:26  Pylon  
  39  3:31  Probe (Chrono Boost)  
  39  3:32  Probe (Chrono Boost)  
  40  3:37  Probe x2 (Chrono Boost)  
  42  3:43  Assimilator  
  42  3:45  Assimilator  
  42  3:49  Probe  
  42  3:51  Probe  
  42  3:54  Stalker x2  
  48  4:00  Twilight Council  
  48  4:01  Probe  
  49  4:03  Probe  
  49  4:04  Pylon  
  49  4:08  Observer (Chrono Boost)  
  51  4:13  Probe  
  51  4:15  Probe  
  53  4:22  Stalker, Pylon  
  53  4:23  Stalker  
  57  4:28  Probe  
  57  4:29  Probe  
  60  4:40  Immortal (Chrono Boost)  
  63  4:55  Probe  
  63  4:59  Stalker  
  62  5:02  Probe  
  61  5:10  Probe  
  61  5:15  Pylon  
  61  5:19  Charge  
  61  5:22  Pylon  
  61  5:24  Templar Archives  
  61  5:27  Probe  
  62  5:31  Probe  
  62  5:34  Stalker  
  64  5:39  Psionic Storm  
  64  5:40  Probe  
  60  5:44  Probe  
  60  5:46  Nexus  
  55  5:54  Stalker  
  57  5:59  Pylon  
  57  6:03  Gateway  
  56  6:04  Gateway  
  56  6:07  Gateway  
  56  6:09  Gateway  
  55  6:11  High Templar  
  55  6:13  Gateway  
  55  6:17  High Templar  
  59  6:19  Warp Prism (Chrono Boost), Probe x2  
  63  6:31  Probe x2  
  65  6:38  Pylon  
  65  6:43  High Templar, Probe x2  
  65  6:45  Forge  
  69  6:49  Observer  
  69  6:50  Zealot  
  72  6:55  Probe x2  
  72  7:00  Pylon  
  74  7:06  Zealot x4  
  82  7:13  Probe x3  
  85  7:16  Stalker x3  
  88  7:41  Zealot x7  
  102  7:49  Protoss Ground Armor Level 1 (Chrono Boost)  
  102  7:50  Probe x3  
  87  8:02  Zealot x5, Stalker x2  
  93  8:13  Observer  
  93  8:15  Probe  
  93  8:19  Probe  
  86  8:20  Probe  
  86  8:23  High Templar x3  
  86  8:24  Zealot x2  
  86  8:25  Zealot x2  
  96  8:44  Observer  
  96  8:45  Nexus  
  96  8:46  High Templar x4, Pylon  
  104  8:50  Blink, Archon  
  104  8:51  Observer  
  104  8:56  Zealot x3  
  104  9:00  Forge  
  104  9:01  Probe x3  
  113  9:13  Probe  
  113  9:22  Zealot x6  
  123  9:36  Stalker  
  121  9:40  Probe  
  121  9:44  Probe  
  110  9:50  Stalker x5  
  110  9:51  Probe, Protoss Ground Armor Level 2 (Chrono Boost), Protoss Ground Weapons Level 1 (Chrono Boost), Stalker  
  116  9:53  Probe  
  116  9:56  Probe  
  118  10:00  Probe  
  118  10:03  Probe  
  118  10:05  Probe  
  121  10:13  Pylon  
  119  10:15  Shield Battery  
  119  10:16  Zealot x7  
  131  10:37  Zealot x7  
  131  10:38  Archon  
  131  10:39  Immortal (Chrono Boost)  
  135  10:57  Zealot x6  
  133  11:12  Zealot  
  133  11:14  Immortal (Chrono Boost)  
  133  11:17  Gateway  
  129  11:19  Gateway, Zealot x6  
  129  11:22  Gateway  
  116  11:26  Gateway  
  102  11:33  Shield Battery, Stalker x2  
  102  11:34  Stalker x2  
  102  11:36  Archon  
  106  11:41  Zealot x3  
  112  11:49  Probe x3  
  112  11:52  Nexus  
  112  11:54  Sentry x3  
  117  12:02  Stalker x4  
Show
View Real Time Build Order
Export as new Build Order

GuMiho Terran 

Build Orders: Cyclone Opening 

Get SALT Encoding   

  12  0:00  SCV  
  13  0:12  SCV  
  14  0:17  Supply Depot  
  14  0:24  SCV  
  15  0:38  SCV  
  15  0:39  Barracks  
  15  0:42  Refinery  
  16  0:50  SCV  
  16  0:52  Refinery  
  17  1:03  SCV  
  18  1:15  SCV  
  19  1:25  Reaper  
  19  1:27  Orbital Command  
  19  1:28  Supply Depot  
  20  1:39  Factory  
  20  1:52  SCV  
  21  1:58  Reaper  
  22  2:05  SCV  
  23  2:14  Command Center  
  23  2:17  SCV  
  23  2:22  Cyclone  
  26  2:29  SCV  
  27  2:31  Barracks Reactor  
  27  2:34  Supply Depot  
  27  2:41  SCV  
  28  2:52  Starport  
  28  2:53  SCV  
  29  3:04  Factory Tech Lab  
  29  3:05  SCV  
  29  3:08  Marine  
  29  3:09  Marine  
  31  3:17  SCV  
  32  3:23  Siege Tank  
  32  3:26  Marine x2  
  37  3:27  Orbital Command  
  37  3:32  SCV  
  38  3:34  Medivac  
  40  3:44  SCV, Marine x2  
  43  3:53  SCV, Refinery  
  44  3:56  SCV  
  45  4:05  SCV  
  45  4:08  SCV  
  45  4:09  Command Center  
  47  4:14  Raven  
  47  4:15  Factory Tech Lab  
  49  4:17  SCV  
  49  4:20  SCV  
  53  4:25  Supply Depot  
  53  4:26  Supply Depot  
  53  4:29  SCV  
  52  4:33  SCV  
  53  4:41  SCV  
  54  4:46  Siege Tank  
  54  4:48  SCV  
  57  4:53  Marine x2  
  57  4:54  Raven, SCV  
  55  5:00  SCV  
  55  5:06  SCV  
  56  5:12  Interference Matrix, SCV  
  56  5:13  Marine x2  
  57  5:15  Barracks  
  57  5:17  Barracks  
  57  5:18  SCV  
  57  5:19  Engineering Bay  
  57  5:20  Refinery  
  58  5:21  Engineering Bay  
  58  5:22  Orbital Command  
  58  5:24  SCV  
  58  5:26  Siege Tank  
  62  5:30  Raven  
  62  5:32  SCV  
  62  5:35  Marine x2  
  65  5:36  SCV  
  65  5:44  SCV  
  65  5:48  SCV  
  65  5:53  Marine x2  
  65  5:54  SCV  
  65  5:55  Terran Infantry Weapons Level 1, Terran Infantry Armor Level 1  
  65  5:56  SCV  
  68  6:00  SCV  
  68  6:02  Siege Tank  
  72  6:06  SCV  
  72  6:08  SCV, Supply Depot  
  72  6:11  Marine x2  
  74  6:13  Barracks, Barracks Reactor  
  74  6:16  Supply Depot, SCV  
  77  6:19  Barracks, Stimpack  
  77  6:23  Starport Reactor  
  77  6:26  SCV  
  77  6:27  SCV  
  77  6:28  Supply Depot, SCV  
  77  6:29  Marine  
  77  6:30  Supply Depot, Marine  
  77  6:31  Marine  
  83  6:35  Refinery  
  83  6:36  Refinery  
  83  6:41  Siege Tank, Supply Depot  
  83  6:42  SCV x2  
  83  6:44  SCV  
  89  6:49  Supply Depot  
  89  6:50  Armory  
  89  6:53  Marine x4  
  93  6:54  Marine  
  93  6:58  SCV x3  
  96  7:10  SCV x3  
  96  7:11  Barracks Tech Lab  
  96  7:12  Barracks Tech Lab  
  96  7:13  Siege Tank  
  96  7:14  Barracks  
  96  7:15  Barracks  
  102  7:16  Marine x2  
  104  7:26  Marine x2  
  104  7:27  Marine  
  104  7:28  SCV x3  
  110  7:34  Marine  
  110  7:35  Ghost Academy  
  110  7:36  Marine x2  
  113  7:37  Marine  
  113  7:38  Medivac x2  
  113  7:40  SCV x2  
  113  7:43  Marine  
  119  7:48  Marine x2  
  119  7:50  SCV  
  112  7:51  Combat Shield, Marine  
  112  7:52  SCV x2  
  112  7:54  Marine x2  
  112  7:55  Marine  
  102  8:01  Marine  
  97  8:05  Marine  
  97  8:06  Marine  
  97  8:07  Medivac  
  97  8:08  Medivac  
  97  8:09  Marine, SCV  
  97  8:12  Marine  
  96  8:14  Marine x2  
  96  8:19  Marine  
  87  8:23  Marine x2  
  87  8:24  SCV  
  88  8:27  Marine  
  88  8:29  Marine  
  88  8:30  SCV x2  
  88  8:32  Marine x2  
  93  8:36  Terran Infantry Weapons Level 2, SCV  
  93  8:37  Marine  
  95  8:41  Marine x2  
  95  8:44  SCV x2  
  95  8:48  SCV  
  100  8:49  Terran Infantry Armor Level 2  
  100  8:50  Marauder x2  
  100  8:52  Marine x2  
  106  8:58  Concussive Shells  
  106  9:00  Marauder  
  108  9:03  Marine, Widow Mine  
  108  9:04  Marine  
  108  9:05  Barracks Tech Lab x2  
  112  9:11  Marauder x2  
  112  9:13  Medivac x2  
  112  9:15  Marine x2  
  122  9:20  SCV x3  
  122  9:22  Marine  
  125  9:25  Marine  
  124  9:32  Marauder  
  124  9:33  Ghost, Marauder  
  115  9:39  Marauder, Marine x3  
  115  9:41  Marauder  
  115  9:43  Marine  
  116  9:51  SCV x2  
  116  9:53  Marine  
  116  9:54  Medivac, Marine  
  116  9:57  Marine x2  
  116  9:59  Medivac  
  124  10:06  Marauder  
  126  10:08  SCV x3  
  126  10:11  Marauder  
  126  10:12  Supply Depot  
  126  10:14  Supply Depot  
  131  10:15  Marine  
  131  10:16  Marauder, Supply Depot, Marine  
  122  10:40  Marauder x3  
  122  10:41  Marauder  
  120  10:53  Marine x2  
  120  10:54  Marine x3  
  111  11:01  Marine x3  
  111  11:02  Marine  
  107  11:11  Marine x2  
  107  11:12  Marauder  
  107  11:14  Marine x2  
  106  11:19  Marauder x2, Marine  
  106  11:20  Marine  
  104  11:29  Marine  
  104  11:32  Marine x3  
  99  11:34  Marauder  
  99  11:36  Marine  
  99  11:37  Marine  
  102  11:40  Marine x2  
  92  11:47  Marine  
  92  11:49  Marine  
  92  11:50  Marine x2  
  91  11:55  Marine  
Tags
 
Add a new tag
Caveats
  • Supply blocks, unpowered buildings, or Contaminate may cause inaccurate times.
  • Supply counts are checked every 10 seconds.